 Dungeon Crawl Stone Soup version 0.24.0-2-g5b39cebb1c (webtiles) character file.

Game seed: 181828954041945829, levelgen mode: deterministic

726 Monsterracer the Chopper (level 7, -8/64 HPs)
             Began as a Deep Dwarf Fighter on Oct 29, 2019.
             Was an Initiate of Makhleb.
             Mangled by a big kobold
             ... wielding a +2 dagger of distortion
              (11 damage)
             ... while paralysed by a big kobold
             ... on level 4 of the Dungeon.
             The game lasted 00:02:49 (2332 turns).

Monsterracer the Chopper (Deep Dwarf Fighter)       Turns: 2332, Time: 00:02:50

Health: -8/64      AC: 12    Str: 22    XL:     7   Next: 44%
Magic:  7/7        EV:  2    Int:  8    God:    Makhleb [......]
Gold:   237        SH:  0    Dex: 12    Spells: 6/6 levels left

rFire    . . .     SeeInvis .   a - +1 war axe
rCold    . . .     Gourm    .   o - +1 shield
rNeg     . . .     Faith    .   h - +0 plate armour
rPois    +         Spirit   .   (no helmet)
rElec    .         Reflect  .   (no cloak)
rCorr    .         Harm     .   (no gloves)
MR       +....                  (no boots)
Stlth    ..........             (no amulet)
HPRegen  0.00/turn              P - ring of poison resistance
MPRegen  0.10/turn              (no ring)

@: paralysed, non-regenerating
A: damage resistance, heal wounds, sense surroundings 1, no regeneration
a: Heal Wounds, Renounce Religion


You were on level 4 of the Dungeon.
You worshipped Makhleb.
Makhleb was noncommittal.
You were not hungry.

You visited 2 branches of the dungeon, and saw 5 of its levels.

You collected 237 gold pieces.

Inventory:

Hand Weapons
 a - a +1 war axe (weapon)
Missiles
 i - 2 throwing nets (quivered) {!f}
Armour
 h - a +0 plate armour (worn)
   (You found it on level 1 of the Dungeon)
 o - a +1 shield (worn)
Jewellery
 P - a ring of poison resistance (left hand)
   (You found it on level 2 of the Dungeon)
Scrolls
 l - a scroll of fear {unknown}
 n - 2 scrolls of fog
 r - 5 scrolls of remove curse
 t - 5 scrolls of teleportation {!r}
 u - a scroll of magic mapping {unknown}
 v - a scroll of amnesia {unknown}
 w - a scroll of immolation {unknown}
Potions
 d - 2 potions of magic
 e - 2 potions of curing
 g - a potion of flight
 j - 2 potions of might
 k - 2 potions of resistance
 m - a potion of heal wounds {unknown}
 p - 3 potions of berserk rage {!q}
 q - a potion of invisibility {unknown}
 s - 3 potions of brilliance {unknown}
Comestibles
 c - 5 rations


   Skills:
 + Level 4.2 Fighting
 * Level 5.9 Axes
 + Level 5.1 Armour
 + Level 5.1 Shields
 + Level 2.0 Invocations


You had 6 spell levels left.
You didn't know any spells.
Your spell library contained the following spells:

 Spells                   Type           Power        Failure   Level  Hunger
 Summon Small Mammal      Summ           #...         100%        1    ##.....
 Call Imp                 Summ           #.......     100%        2    ###....
 Call Canine Familiar     Summ           #.......     100%        3    ####...
 Summon Guardian Golem    Hex/Summ       #.......     100%        3    ####...
 Summon Ice Beast         Ice/Summ       #.......     100%        4    #####..
 Summon Lightning Spire   Summ/Air       #.......     100%        4    #####..


Dungeon Overview and Level Annotations

Branches:
Dungeon (4/15)             Temple (1/1) D:4

Altars:
Ashenzari
Cheibriados
Dithmenos
Elyvilon
Fedhas
Gozag
Hepliaklqana
Kikubaaqudgha
Makhleb
Nemelex Xobeh
Okawaru
Qazlal
Ru
Sif Muna
Uskayaw
Vehumet
Wu Jian
Yredelemnul
Zin
The Shining One

Shops:
D:4 =


Innate Abilities, Weirdness & Mutations

You are resistant to damage.
You can heal yourself by infusing magical energy.
You passively map a small area around you.
You do not regenerate.


Message History

b - a +5 flail of protection (weapon)
The kobold throws a poisoned dart.
The poisoned dart hits you!
The kobold throws a poisoned dart.
You block the poisoned dart.
You see here a poisoned dart.
You block the kobold's attack.
You hit the kobold.
Your weapon exudes an aura of protection.
You kill the kobold!
Makhleb accepts your kill.
No target in view!
You see here 3 poisoned darts.
No target in view!
The kobold is too close now for your liking.
A kobold is nearby!
The kobold shouts!
The kobold throws a stone.
You block the stone.
You see here a stone.
You are no longer poisoned.
You block the kobold's attack.
You hit the kobold.
Your weapon exudes an aura of protection.
You kill the kobold!
Makhleb accepts your kill.
Things that are here:
a +0 whip; a kobold corpse The big kobold shouts!
You hear a shout!
The big kobold is too close now for your liking.
Things that are here:
the cursed +3 whip "Hydrabane" {chaos, +Fly MR+ Dex-4} a +0 dagger
There are monsters nearby!
f - the cursed +3 whip "Hydrabane" {chaos, +Fly MR+ Dex-4} The big kobold zaps a wand.
You resist with almost no effort.
Drop what? 24/52 slots (_ for help) (? for menu, Esc to quit)
Your +5 flail of protection goes still.
You are now empty-handed.
You drop a +5 flail of protection.
The big kobold hits you but does no damage.
Space bends around you.
Really attack unarmed? [Y]es or [N]o only, please.
Really attack unarmed? [Y]es or [N]o only, please.
Really attack unarmed? [Y]es or [N]o only, please.
Really attack unarmed? [Y]es or [N]o only, please.
Really attack unarmed? [Y]es or [N]o only, please.
Really attack unarmed?
Okay, then.
a - a +1 war axe (weapon)
You closely miss the big kobold.
The big kobold is moderately wounded.
You closely miss the big kobold. The big kobold barely misses you.
The big kobold hits you but does no damage.
You block the big kobold's attack.
You slash the big kobold!
The big kobold is severely wounded.
You hit the big kobold but do no damage.
The big kobold hits you but does no damage.
The big kobold hits you with a +2 dagger of distortion.
You blink.
The big kobold zaps a wand.
You resist with almost no effort.
You are now empty-handed.
Adjust (i)tems, (s)pells, or (a)bilities?
Adjust which item? (? for menu, Esc to quit)
Okay, then.
Drop what? 23/52 slots (_ for help) (? for menu, Esc to quit)
You drop the cursed +3 whip "Hydrabane" {chaos, +Fly MR+ Dex-4}.
a - a +1 war axe (weapon)
The big kobold hits you but does no damage.
Space bends around you.
Unknown command.
Unknown command.
You closely miss the big kobold.
The big kobold is severely wounded.
Your shield and plate armour prevent you from hitting the big kobold.
The big kobold hits you but does no damage.
You block the big kobold's attack.
You hit the big kobold but do no damage.
The big kobold is severely wounded.
You hit the big kobold. You block the big kobold's attack.
The big kobold hits you with a +2 dagger of distortion.
Space bends around you.
Unknown command.
You hit the big kobold.
The big kobold is almost dead.
You slash the big kobold! The big kobold hits you with a +0 whip.
The big kobold hits you but does no damage.
Space warps horribly around you!!
* * * LOW HITPOINT WARNING * * *
The big kobold zaps a wand.
You suddenly lose the ability to move!
The big kobold hits you but does no damage.
Space warps horribly around you!
* * * LOW HITPOINT WARNING * * *
The big kobold hits you with a +0 whip.
* * * LOW HITPOINT WARNING * * *
The big kobold hits you but does no damage.
Space warps horribly around you!
You die...

#.# #.. ..........#
#.# #############.#
#.# #.# #####.# ####
#.# ......#
#####..#####.#
.)..###
#..)..##.⌠.### ###.#
#.##..#.#.#.##
#.######.##..K..#...#
#........##).K@....!#
############.'..#..)#
#)#.#.#.## #.##.⌠.##
#..##### ####


You could see 2 big kobolds.

Vanquished Creatures
  The ghost of Aviak the Insei, an amateur OpTm (D:4)
  Edmund (D:4)
  An ice beast (D:3)
  A centaur (D:3)
  An ogre (D:4)
  A big kobold (D:4)
  A worker ant (D:4)
  3 gnolls (D:3)
  6 adders (D:2 D:4)
  An ooze (D:1)
  2 worms (D:2 D:3)
  3 dart slugs (D:1 D:2 D:3)
  A leopard gecko (D:3)
  4 orcs (D:3)
  4 bats (D:1 D:3)
  3 giant cockroaches (D:1 D:2 D:3)
  6 goblins (D:1 D:3)
  5 hobgoblins (D:1 D:2 D:3)
  11 kobolds (D:1 D:2 D:4)
  2 ball pythons (D:1 D:2)
  4 frilled lizards (D:2 D:3)
  8 rats (D:1 D:2 D:3)
70 creatures vanquished.

Notes
Turn   | Place    | Note
-------+----------+-------------------------------------------
     0 | D:1      | Monsterracer the Deep Dwarf Fighter began the quest for the
                  | Orb.
     0 | D:1      | Reached XP level 1. HP: 20/20 MP: 1/1
    84 | D:1      | Reached XP level 2. HP: 21/27 MP: 2/2
   322 | D:1      | HP: 10/27 [kobold/+2 dagger of electrocution (11)]
   436 | D:2      | Reached XP level 3. HP: 34/34 MP: 2/2
   585 | D:2      | Reached XP level 4. HP: 35/42 MP: 3/3
   947 | D:3      | Noticed a centaur
   951 | D:3      | HP: 19/42 [centaur/arrow (13)]
   956 | D:3      | HP: 15/42 [centaur (4)]
   960 | D:3      | Killed a centaur
   960 | D:3      | Reached XP level 5. HP: 15/49 MP: 4/4
   971 | D:3      | Noticed an ice beast
   974 | D:3      | HP: 20/49 [ice beast (6)]
   976 | D:3      | HP: 8/49 [ice beast (11)]
   981 | D:3      | HP: 23/49 [ice beast (12)]
   982 | D:3      | Killed an ice beast
   982 | D:3      | Reached XP level 6. HP: 27/56 MP: 5/5
  1493 | D:4      | Found Vuen's Jewellery Boutique.
  1539 | D:4      | Found a staircase to the Ecumenical Temple.
  1558 | D:4      | Noticed Edmund
  1579 | D:4      | Killed Edmund
  1579 | D:4      | Reached skill level 5 in Axes
  1604 | Temple   | Entered the Ecumenical Temple
  1623 | Temple   | Became a worshipper of Makhleb the Destroyer
  1723 | D:4      | Found a runed translucent gate.
  1723 | D:4      | Found a runed translucent gate.
  1723 | D:4      | Noticed Aviak's ghost (amateur OpTm)
  1723 | D:4      | Identified the cursed +3 whip "Hydrabane" {chaos, +Fly MR+
                  | Dex-4}
  1724 | D:4      | Found a runed translucent gate.
  1785 | D:4      | Found a snail-covered altar of Cheibriados.
  2154 | D:4      | Reached skill level 1 in Invocations
  2154 | D:4      | Reached XP level 7. HP: 52/64 MP: 6/6
  2226 | D:4      | Killed Aviak's ghost
  2226 | D:4      | Reached skill level 5 in Armour
  2226 | D:4      | Reached skill level 5 in Shields
  2235 | D:4      | Paralysed by a big kobold for 6 turns
  2242 | D:4      | HP: 16/64 [big kobold/+2 dagger of distortion (20)]
  2331 | D:4      | HP: 18/64 [big kobold/+2 dagger of distortion (21)]
  2331 | D:4      | Paralysed by a big kobold for 2 turns
  2331 | D:4      | HP: 4/64 [big kobold/+2 dagger of distortion (14)]
  2332 | D:4      | Mangled by a big kobold

Levels and vault maps discovered:
D:1:      lightli_arrival_windingriver, layout_rooms
D:2:      minmay_spotlight, layout_basic, hangedman_abyss_or_decor_stabs
D:3:      layout_basic
D:4:      layout_loops_ring, nicolae_overflow_crystal_walls,
          minmay_temple_entry_junction, gammafunk_ghost_nasty_kobolds,
          serial_shops, nicolae_shop_crystal, uniq_edmund
Temple:   grunt_wide_crystal_templ

Skill      XL: |  1  2  3  4  5  6  7 |
---------------+----------------------+-----
Axes           | 3 4 5 |  5.9
Fighting       | 3 4 |  4.2
Armour         | 4 5 |  5.1
Shields        | 4 5 |  5.1
Invocations    | 1 2 |  2.0

Action                   |  1- 3 |  4- 6 |  7- 9 || total
-------------------------+-------+-------+-------++-------
Melee: War axe           |   112 |   130 |     7 ||   249
       Flail             |       |     6 |    22 ||    28
 Abil: Heal Wounds       |     1 |     4 |     1 ||     6
  Use: Scroll            |       |    12 |       ||    12
  Eat: Chunk             |       |     5 |       ||     5
Armor: Scale mail        |    10 |       |       ||    10
       Plate armour      |    79 |    82 |    31 ||   192
Dodge: Dodged            |    24 |    27 |     6 ||    57
Block: Shield            |    71 |    69 |    27 ||   167
